 Dungeon Crawl Stone Soup version 0.21.1-1-g345015f (webtiles) character file.

928 infcreate the Chopper (level 7, -5/61 HPs)
             Began as a Minotaur Fighter on May 21, 2018.
             Slain by Duvessa
             ... wielding a +0 short sword
              (7 damage)
             ... on level 5 of the Dungeon.
             The game lasted 00:17:46 (4622 turns).

infcreate the Chopper (Minotaur Fighter)            Turns: 4622, Time: 00:17:47

Health: -5/61      AC: 11    Str: 23    XL:     7   Next: 85%
Magic:  6/6        EV:  6    Int:  5    God:
Gold:   478        SH: 10    Dex:  9    Spells: 6/6 levels left

rFire    . . .     SeeInvis .   a - +0 war axe
rCold    . . .     Gourm    .   c - +0 shield
rNeg     . . .     Faith    .   q - +0 chain mail
rPois    .         Spirit   .   (helmet restricted)
rElec    .         Reflect  .   (no cloak)
rCorr    .         Harm     .   s - +0 pair of gloves (curse)
MR       .....                  (no boots)
Stlth    ..........             l - amulet of rage
HPRegen  0.20/turn              (no ring)
MPRegen  0.10/turn              (no ring)

@: no status effects
A: retaliatory headbutt, horns 2
a: Evoke Berserk Rage


You were on level 5 of the Dungeon.
You were not hungry.

You visited 1 branch of the dungeon, and saw 5 of its levels.
You also visited: Ossuary.

You collected 478 gold pieces.

Inventory:

Hand Weapons
 a - a +0 war axe (weapon)
Armour
 c - a +0 shield (worn)
 q - a +0 chain mail (worn)
 s - a cursed +0 pair of gloves (worn)
Jewellery
 l - an amulet of rage (around neck)
Wands
 p - a wand of scattershot (8)
Scrolls
 e - a scroll of amnesia
 g - a scroll of remove curse
 i - a scroll of enchant weapon {unknown}
 k - 4 scrolls of identify
 m - a scroll of fear {unknown}
Potions
 d - 2 potions of might
 h - a potion of heal wounds {unknown}
 j - a potion of brilliance {unknown}
 n - a potion of haste {unknown}
 o - a potion of lignification
 r - a potion of mutation {unknown}
Comestibles
 b - 3 chunks of flesh
 f - 3 rations


   Skills:
 + Level 5.5 Fighting
 + Level 7.7 Axes
 + Level 6.0 Armour
 + Level 5.8 Shields


You had 6 spell levels left.
You didn't know any spells.

Dungeon Overview and Level Annotations

Branches:
Dungeon (5/15)
 Temple: D:4-7

Altars:
Elyvilon
Fedhas
Kikubaaqudgha
Sif Muna

Annotations:
D:5 Duvessa


Innate Abilities, Weirdness & Mutations

You reflexively headbutt those who attack you in melee.
You have a pair of horns on your head.


Message History

Duvessa is moderately wounded.
Duvessa hits you but does no damage. You block Duvessa's attack.
Your shield and chain mail prevent you from hitting Duvessa.
Duvessa is moderately wounded.
You block Duvessa's attack. Duvessa hits you with a short sword!
You block Duvessa's attack.
You hit Duvessa.
Duvessa is heavily wounded.
You block Duvessa's attack.
You slash Duvessa!
Duvessa is severely wounded.
Duvessa hits you with a short sword!
* * * LOW HITPOINT WARNING * * *
Duvessa hits you with a short sword.
* * * LOW HITPOINT WARNING * * *
Duvessa rages.
Duvessa hits you but does no damage.
Duvessa rages.
Duvessa hits you with a short sword!
You die...

.. #....# ......
.##.##...)############......
.....'.).)'.................
..###..).#######.##.#######
#...)# #.##'######## #....#
#.#.......... #....#
#.+.......<..
..#....#########..........
.........e@................
...........................
.........########...........
.........# #...........
.....##+## #........... ....
#.###'###### ... #.....# #
#.....# # #.....# #


You could see Duvessa (berserk).

Vanquished Creatures
  Sigmund (D:5)
  A centaur (D:4)
  An elf zombie (Ossuary)
  Dowan (D:5)
  A vampire bat (D:2)
  2 crimson imps
  A human zombie (Ossuary)
  3 orc wizards
  2 hounds (D:4)
  A bullfrog skeleton (D:4)
  An iguana (D:4)
  Ijyb (D:3)
  2 mummies (Ossuary)
  8 adders
  An adder skeleton (D:4)
  A worm (D:3)
  2 dart slugs (D:1)
  2 leopard geckos (D:4)
  10 orcs
  12 bats
  A bat skeleton (D:2)
  5 bat zombies (D:2)
  5 giant cockroaches
  7 goblins
  5 hobgoblins
  4 jackals
  5 kobolds
  A quokka (D:4)
  A ball python (D:4)
  5 frilled lizards
  A giant cockroach zombie (D:5)
  A gnoll zombie (Ossuary)
  4 goblin zombies (Ossuary)
  4 hobgoblin zombies (Ossuary)
  A leopard gecko skeleton (D:5)
  3 orc zombies (Ossuary)
  7 rats
114 creatures vanquished.

Notes
Turn   | Place    | Note
-------+----------+-------------------------------------------
     0 | D:1      | infcreate the Minotaur Fighter began the quest for the Orb.
     0 | D:1      | Reached XP level 1. HP: 19/19 MP: 0/0
   123 | D:1      | Reached XP level 2. HP: 23/27 MP: 1/1
   471 | D:1      | Reached XP level 3. HP: 33/33 MP: 2/2
   482 | D:1      | Reached skill level 3 in Axes
  1182 | D:2      | Found a deep blue altar of Sif Muna.
  1546 | D:2      | Found an ancient bone altar of Kikubaaqudgha.
  1561 | D:2      | Reached skill level 4 in Axes
  1561 | D:2      | Reached XP level 4. HP: 39/41 MP: 3/3
  2010 | D:3      | Found a white marble altar of Elyvilon.
  2071 | D:3      | Reached XP level 5. HP: 41/47 MP: 4/4
  2260 | D:3      | Noticed Ijyb
  2293 | D:3      | Killed Ijyb
  2476 | D:4      | Reached skill level 5 in Axes
  2582 | D:4      | Reached skill level 5 in Shields
  2593 | D:4      | Found a sand-covered staircase.
  2597 | Ossuary  | Entered an ossuary
  2610 | Ossuary  | Reached XP level 6. HP: 42/53 MP: 5/5
  2861 | Ossuary  | Reached skill level 5 in Armour
  3395 | D:4      | Found a blossoming altar of Fedhas.
  3432 | D:4      | Reached skill level 5 in Fighting
  3432 | D:4      | Reached skill level 6 in Axes
  3438 | D:4      | Reached XP level 7. HP: 20/61 MP: 6/6
  4400 | D:5      | Entered Level 5 of the Dungeon
  4408 | D:5      | Noticed Sigmund
  4441 | D:5      | Killed Sigmund
  4441 | D:5      | Reached skill level 7 in Axes
  4594 | D:5      | Noticed Duvessa
  4602 | D:5      | Noticed Dowan
  4607 | D:5      | Killed Dowan
  4618 | D:5      | HP: 2/61 [Duvessa/short sword (5)]
  4622 | D:5      | Slain by Duvessa

Skill      XL: |  1  2  3  4  5  6  7 |
---------------+----------------------+-----
Fighting       | 4 5 |  5.5
Armour         | 4 5 6 |  6.0
Shields        | 4 5 |  5.8
Axes           | 4 5 6 7 |  7.7

Action                   |  1- 3 |  4- 6 |  7- 9 || total
-------------------------+-------+-------+-------++-------
Melee: War axe           |    96 |   152 |    58 ||   306
       Headbutt          |    10 |    25 |     9 ||    44
  Use: Scroll            |       |     5 |       ||     5
       Potion            |       |     2 |       ||     2
  Eat: Chunk             |     2 |       |     3 ||     5
       Ration            |       |     2 |       ||     2
Armor: Scale mail        |    59 |    36 |       ||    95
       Chain mail        |       |    30 |    27 ||    57
       Skin              |       |     4 |       ||     4
Dodge: Dodged            |    39 |    36 |    12 ||    87
Block: Shield            |    55 |    64 |    27 ||   146
